Description

A good economic build for Zerg. Serral and Shin both follow the exact same buildorder for quite a while. Then Shin gets agressive and it turns into a standoff where Serral defends three times, with the first two defenses close and the third one a decisive victory.

VOD

https://www.youtube.com/watch?v=nTfqdTNFKWI

Replay - Serral v SHIN: Game 1 - [ESL] Oceanborn

Build Order

Get SALT Encoding   

  12  0:00  Drone  
  13  0:12  Overlord  
  13  0:17  Drone  
  14  0:30  Drone x2  
  16  0:48  Hatchery  
  15  0:52  Drone x2  
  17  0:58  Drone  
  18  1:09  Extractor  
  17  1:14  Spawning Pool  
  17  1:17  Drone x2  
  18  1:27  Drone  
  19  1:38  Drone  
  20  1:49  Drone  
  21  2:00  Queen x2  
  26  2:01  Overlord, Zergling x2  
  26  2:08  Metabolic Boost  
  26  2:10  Drone x2  
  28  2:22  Drone, Zergling x2  
  30  2:33  Hatchery  
  30  2:35  Drone x2  
  30  2:43  Drone  
  32  2:47  Baneling Nest  
  32  2:50  Overlord  
  31  2:55  Drone x2  
  33  3:05  Drone x5  
  35  3:10  Zergling x6  
  40  3:18  Overlord  
  41  3:20  Drone  
  41  3:25  Queen  
  44  3:31  Roach Warren  
  44  3:33  Drone x2  
  44  3:40  Drone x5  
  48  3:46  Drone x2  
  52  3:54  Overlord  
  52  3:58  Drone x3  
  52  4:02  Overlord  
  54  4:04  Drone  
  54  4:05  Extractor  
  54  4:07  Zergling x2  
  54  4:08  Baneling  
  55  4:12  Drone x4  
  55  4:15  Overlord x2  
  58  4:26  Zergling x2  
  58  4:27  Roach x2  
  58  4:30  Evolution Chamber  
  62  4:37  Roach x4  
  66  4:42  Overlord  
  66  4:43  Roach x6  
  71  4:49  Extractor  
  71  4:50  Overlord  
  80  4:56  Overlord  
  80  5:01  Roach x4  
  80  5:05  Spine Crawler  
  87  5:07  Roach  
  87  5:09  Baneling x2  
  87  5:12  Overlord  
  87  5:13  Zergling x2  
  90  5:19  Roach x2  
  90  5:20  Zergling x8  
  97  5:30  Drone x7  
  105  5:40  Drone, Lair  
  106  5:45  Extractor  
  106  5:48  Overlord  
  106  5:49  Drone x8  
  108  5:51  Zerg Missile Weapons Level 1  
  108  5:56  Drone x2  
  113  5:58  Extractor  
  113  5:59  Overlord  
  112  6:05  Drone x2  
  114  6:11  Extractor  
  114  6:13  Drone x3  
  116  6:18  Roach x7  
  129  6:28  Drone x2, Hatchery  
  129  6:30  Overlord  
  129  6:31  Roach x2  
  134  6:39  Overseer, Pneumatized Carapace  
  134  6:41  Glial Reconstitution  
  134  6:44  Hydralisk Den, Roach  
  134  6:46  Overseer  
  135  6:47  Overlord x2  
  135  6:53  Overlord  
  135  6:55  Roach x3  
  140  7:02  Roach x7  
  140  7:06  Spine Crawler  
  154  7:09  Ravager x2  
  154  7:11  Roach x4  
  154  7:14  Overlord  
  160  7:18  Ravager  
  160  7:21  Roach x2  
  169  7:28  Roach x3  
  158  7:33  Roach x7  
  148  7:39  Roach x4  
  148  7:44  Roach x2  
  138  7:49  Roach x4  
  128  7:57  Roach x3  
  128  7:59  Queen  
  128  8:03  Roach x2  
  136  8:11  Roach x2  
  140  8:18  Roach x4  
  148  8:23  Roach x3  
  154  8:27  Ravager x2  
  154  8:30  Roach x2  
  160  8:36  Overlord  
  160  8:37  Roach x4  
Spawning Tool Build Advisor. Get it on Overwolf

Go to:

Details

  • Created by: ruppe2
  • Published on: Jul 18, 2024
  • Modified on: Jul 18, 2024
  • Patch: 5.0.11
  • Difficulty: Medium
Show
View Real Time Build Order
Export as new Build Order

Comments (0)

There are no comments. Be the first!

Create an account to comment!